 Dungeon Crawl Stone Soup version 0.29.1-15-g9cfb28693d (webtiles) character file.

Game seed: 14362132062731782966

2 BeingJoeMalik the Trooper (level 1, 0/21 HPs)
             Began as a Naga Fighter on Mar 27, 2023.
             Slain by a rat (1 damage)
             ... on level 1 of the Dungeon.
             The game lasted 00:00:14 (19 turns).

BeingJoeMalik the Trooper (Naga Fighter)              Turns: 19, Time: 00:00:15

Health: 0/21       AC:  3    Str: 18    XL:     1   Next: 40%
Magic:  1/1        EV:  7    Int:  8    God:
Gold:   0          SH:  4    Dex: 10    Spells: 0/0 levels left

rFire   . . .      SeeInvis +   a - +0 trident
rCold   . . .      Faith    .   c - +0 buckler
rNeg    . . .      Spirit   .   b - +0 scale mail
rPois   +          Reflect  .   (no helmet)
rElec   .          Harm     .   (no cloak)
rCorr   .          Rampage  .   (no gloves)
Will    .....                   (no barding)
Stlth   ..........              (no amulet)
HPRegen 0.07/turn               (no ring)
MPRegen 0.07/turn               (no ring)

@: very slow
A: AC +0, large, see invisible, deformed body, poison resistance, slowness 2,
spit poison 1, naga tail 1
a: Spit Poison


You were on level 1 of the Dungeon.
You visited 1 branch of the dungeon, and saw 1 of its levels.

Inventory:

Hand Weapons
 a - a +0 trident (weapon)
Armour
 b - a +0 scale mail (worn)
 c - a +0 buckler (worn)
Potions
 d - a potion of might


   Skills:
 - Level 3.0 Fighting
 + Level 2.2 Polearms
 - Level 2.4 Armour
 - Level 2.6 Shields


You couldn't memorise any spells.
You didn't know any spells.
Your spell library was empty.

Dungeon Overview and Level Annotations

Branches:
Dungeon (1/15)

Altars:


Innate Abilities, Weirdness & Mutations

Your serpentine skin is tough. (AC +0)
You have supernaturally acute eyesight. (SInv)
Armour fits poorly on your strangely shaped body.
Your system is resistant to poisons. (rPois)
You cover ground very slowly.
You can spit poison.
You have a snake-like lower body.


Message History

You completely miss the goblin. The goblin hits you with a +0 dagger.
The rat barely misses you. The goblin closely misses you.
You closely miss the goblin. The goblin hits you with a +0 dagger.
The rat closely misses you. The goblin hits you but does no damage.
You hit the goblin.
The goblin is moderately wounded.
The goblin hits you with a +0 dagger. You block the goblin's attack.
You block the rat's attack. The goblin hits you with a +0 dagger.
The goblin hits you but does no damage. You block the rat's attack.
You barely miss the goblin.
The goblin is moderately wounded.
The goblin hits you with a +0 club. The rat barely misses you.
You block the goblin's attack.
You are too injured to fight recklessly!
Aiming: Spit Poison (3% risk of failure)
Press: ? - help, Q - select action Shift-Dir - straight line, f - ball python
Aim: a ball python (48% to hit)
The splash of poison misses the rat.
The splash of poison misses the ball python.
The goblin hits you but does no damage. The goblin barely misses you.
The rat bites you.
You are too injured to fight recklessly!
You puncture the goblin!
You kill the goblin!
The rat bites you but does no damage. The goblin hits you but does no damage.
You block the ball python's attack.
You puncture the ball python!
You kill the ball python!
You have got your breath back.
The rat closely misses you. The goblin hits you with a +0 club.
* * * LOW HITPOINT WARNING * * *
You barely miss the giant cockroach. The rat bites you but does no damage.
The goblin hits you with a +0 club.
* * * LOW HITPOINT WARNING * * *
The giant cockroach bites you but does no damage.
The rat bites you but does no damage. The goblin completely misses you.
You barely miss the goblin. The giant cockroach bites you.
* * * LOW HITPOINT WARNING * * *
The rat bites you.
You die...

#......<......#
#.............#
#.......(.....#
######.⌠.######
#...# #.>.#
#[..# #.⌠.#
#.@.#


#gBr# #.$.# #.⌠.# #...# ..... ....# .....# You could see a giant cockroach, a
goblin and a rat.

Vanquished Creatures
  A ball python (D:1)
  A goblin (D:1)
2 creatures vanquished.

Notes
Turn   | Place    | Note
-------+----------+-------------------------------------------
     0 | D:1      | BeingJoeMalik the Naga Fighter began the quest for the Orb.
     0 | D:1      | Reached XP level 1. HP: 21/21 MP: 1/1
    19 | D:1      | HP: 1/21 [giant cockroach (1)]
    19 | D:1      | Slain by a rat

Illustrated notes

Levels and vault maps discovered:
D:1:      lemuel_arrival_hallway, layout_rooms

Action                   || total
-------------------------++-------
Melee: Trident           ||    11
 Abil: Spit Poison       ||     1
Armor: Scale mail        ||     9
Dodge: Dodged            ||     9
Block: Buckler           ||     7
